Map: Year Zero LE

Players

Apoptosis - Winner!

  • Race: Zerg Zerg
  • League: Diamond
  • Spawn Location: 11:00

INNNVATION

  • Race: Protoss Protoss
  • League: Diamond
  • Spawn Location: 1:00

VOD

Have the link to the VOD?

Description

Scrappiest game v Protoss of my life.

Time

  • Played on: Jan. 25, 2019, 4:09 a.m.
  • Length: 23:19
Show
View Real Time Build Order
Export as new Build Order

Apoptosis Zerg - Winner!

Build Orders: Hatch First 

Get SALT Encoding   

  12  0:01  Drone  
  13  0:13  Overlord  
  13  0:23  Drone  
  14  0:31  Drone x2  
  16  0:51  Hatchery  
  16  0:55  Drone  
  16  0:58  Drone  
  16  1:02  Drone  
  18  1:12  Extractor  
  17  1:19  Spawning Pool  
  17  1:20  Drone  
  17  1:24  Drone  
  18  1:28  Drone  
  19  1:39  Overlord  
  19  2:04  Drone  
  19  2:06  Queen x2  
  19  2:07  Zergling x4  
  26  2:11  Drone  
  27  2:15  Metabolic Boost  
  27  2:19  Drone  
  28  2:25  Drone x2  
  30  2:36  Zergling x2  
  30  2:37  Zergling x2  
  32  2:58  Hatchery  
  31  3:07  Zergling x10  
  31  3:08  Overlord  
  36  3:16  Spore Crawler  
  36  3:17  Spore Crawler  
  36  3:18  Spore Crawler  
  33  3:45  Drone x6  
  39  3:53  Lair  
  37  4:12  Extractor x2  
  37  4:13  Roach Warren  
  37  4:14  Drone x3  
  37  4:15  Drone, Evolution Chamber  
  37  4:18  Drone  
  35  4:44  Drone x8  
  35  4:45  Drone  
  40  5:08  Glial Reconstitution  
  40  5:10  Spore Crawler  
  40  5:12  Roach  
  40  5:13  Spore Crawler, Roach  
  42  5:17  Overlord  
  42  5:26  Zerg Missile Weapons Level 1  
  42  5:28  Overlord  
  42  5:29  Overlord  
  42  5:42  Drone x3  
  45  5:43  Drone  
  45  5:44  Drone x2  
  45  5:46  Overlord  
  48  5:50  Overlord  
  48  5:58  Overlord x2  
  48  6:10  Roach x3  
  48  6:11  Roach  
  51  6:27  Roach x3  
  54  6:52  Drone x2  
  56  6:54  Drone x2  
  56  6:55  Drone  
  56  6:56  Drone x4  
  63  7:07  Drone x3  
  63  7:08  Drone x2  
  68  7:18  Queen  
  68  7:21  Queen  
  72  7:27  Roach x3  
  71  7:37  Hydralisk Den, Drone  
  71  7:40  Spore Crawler  
  71  7:42  Spore Crawler  
  68  7:49  Drone  
  69  7:55  Drone x3  
  69  7:58  Drone x7  
  78  8:15  Drone x4  
  78  8:17  Overlord x2  
  82  8:21  Muscular Augments  
  82  8:23  Overlord x3  
  82  8:37  Hydralisk x7  
  96  8:45  Zerg Missile Weapons Level 2  
  96  8:48  Drone  
  96  8:49  Extractor, Drone  
  96  8:50  Drone x2  
  96  8:51  Hydralisk x2  
  96  8:53  Hydralisk  
  105  8:56  Drone  
  105  8:59  Queen  
  108  9:08  Drone  
  108  9:09  Drone x4  
  113  9:16  Overseer  
  113  9:25  Drone x2  
  113  9:26  Drone x5  
  120  9:41  Extractor  
  120  9:42  Extractor  
  118  9:55  Hydralisk x2  
  118  9:58  Overlord x2  
  118  9:59  Overlord x5  
  122  10:09  Hatchery  
  121  10:19  Spore Crawler  
  121  10:20  Infestation Pit  
  121  10:21  Hydralisk x12  
  119  10:22  Hydralisk  
  119  10:26  Grooved Spines  
  133  10:53  Hydralisk x8  
  149  11:05  Hydralisk x2  
  149  11:06  Hydralisk  
  155  11:19  Hive  
  155  11:33  Hydralisk x2  
  155  11:34  Hydralisk x4  
  167  11:42  Hatchery  
  166  11:50  Queen  
  166  11:53  Extractor x2  
  168  12:02  Drone x2  
  168  12:04  Overlord x6  
  160  12:41  Roach x6  
  136  13:16  Extractor  
  125  13:33  Hatchery  
  120  13:42  Hatchery  
  120  13:47  Drone  
  120  13:48  Drone x5  
  123  13:49  Drone x3  
  123  13:52  Hatchery  
  127  13:57  Hatchery  
  127  14:02  Zerg Missile Weapons Level 3  
  126  14:15  Drone x6  
  132  14:29  Overlord  
  132  14:31  Zergling x2  
  133  14:47  Drone x3  
  133  14:48  Drone x3  
  139  14:54  Overlord x2  
  139  14:55  Queen  
  139  14:56  Queen x2  
  144  15:20  Roach x15  
  142  15:52  Hatchery  
  140  16:08  Queen  
  142  16:11  Hydralisk x2  
  142  16:12  Hydralisk x3  
  142  16:15  Overlord  
  142  16:16  Overlord x3  
  152  16:21  Extractor x2, Drone  
  152  16:22  Drone x3  
  152  16:23  Drone x2  
  156  16:36  Hatchery  
  137  16:41  Hydralisk x9  
  137  16:42  Hydralisk  
  155  17:07  Hydralisk x5  
  155  17:08  Hydralisk x10  
  185  17:27  Zergling x2  
  185  17:29  Zergling x2  
  187  17:42  Hydralisk  
  187  17:43  Hydralisk x5  
  199  17:49  Hatchery  
  178  17:56  Hatchery  
  178  17:58  Roach x11  
  153  18:17  Zergling x10  
  146  18:26  Hydralisk x3  
  152  18:37  Drone x5  
  157  18:41  Roach  
  157  18:42  Roach x2  
  163  18:50  Spire  
  163  18:51  Zerg Ground Armor Level 1  
  162  18:57  Hydralisk x9  
  180  19:06  Lurker Den  
  179  19:14  Spine Crawler x3  
  176  19:17  Spine Crawler  
  173  19:32  Hydralisk x13  
  173  19:35  Extractor  
  173  19:38  Extractor  
  197  19:41  Queen  
  197  19:44  Spine Crawler  
  198  19:46  Spine Crawler  
  198  19:47  Spine Crawler  
  193  19:56  Hydralisk  
  193  19:57  Hydralisk x4  
  150  20:15  Hydralisk  
  150  20:16  Hydralisk x7  
  134  20:33  Roach x10  
  136  20:58  Hydralisk x11  
  158  21:13  Lurker x8  
  158  21:14  Lurker x4  
  158  21:17  Hydralisk x2  
  174  21:35  Hydralisk x6  
  174  21:36  Hydralisk  
  155  21:55  Hydralisk x7  
  157  22:09  Drone x3  
  157  22:10  Drone x6  
  156  22:26  Drone x5  
  156  22:27  Drone x4  
Show
View Real Time Build Order
Export as new Build Order

INNNVATION Protoss 

Build Orders:  

Get SALT Encoding   

  12  0:01  Probe  
  13  0:13  Probe  
  14  0:17  Pylon  
  14  0:25  Probe  
  15  0:37  Gateway, Probe  
  16  0:44  Assimilator  
  16  0:45  Probe  
  17  0:53  Probe  
  17  1:03  Gateway  
  18  1:04  Probe  
  19  1:16  Probe  
  20  1:30  Cybernetics Core  
  20  1:42  Probe  
  21  1:49  Pylon  
  22  1:54  Probe  
  22  1:58  Adept x2  
  22  2:00  Warp Gate  
  22  2:06  Probe  
  27  2:26  Nexus  
  27  2:31  Assimilator  
  27  2:33  Probe  
  28  2:40  Stalker  
  30  2:47  Probe  
  31  3:01  Stargate  
  31  3:10  Pylon  
  31  3:28  Probe  
  31  3:32  Shield Battery  
  30  3:37  Shield Battery  
  28  3:48  Adept x2  
  32  4:04  Stargate  
  32  4:09  Adept x2  
  30  4:17  Gateway  
  30  4:19  Gateway  
  29  4:30  Adept  
  29  4:39  Pylon, Phoenix  
  29  4:42  Pylon  
  29  4:44  Pylon  
  29  4:46  Pylon  
  31  5:10  Nexus  
  31  5:12  Adept x2  
  35  5:18  Probe  
  35  5:26  Probe  
  36  5:31  Phoenix  
  39  5:37  Adept  
  39  5:39  Probe  
  42  5:51  Probe  
  43  6:00  Pylon  
  43  6:01  Pylon  
  43  6:03  Probe  
  44  6:15  Probe  
  45  6:25  Stalker x3  
  47  6:26  Void Ray  
  47  6:28  Probe  
  48  6:53  Robotics Facility  
  46  6:59  Probe  
  47  7:09  Void Ray  
  51  7:19  Stalker x2  
  51  7:20  Sentry x2  
  51  7:22  Probe x2  
  61  7:33  Immortal  
  61  7:34  Probe  
  60  7:39  Probe  
  60  7:43  Assimilator  
  65  7:46  Assimilator, Probe  
  64  8:03  Probe x2  
  66  8:07  Twilight Council  
  66  8:13  Charge  
  66  8:22  Immortal  
  66  8:25  Probe  
  71  8:38  Probe  
  71  8:40  Sentry x3  
  78  8:42  Nexus  
  78  8:44  Pylon  
  78  8:49  Zealot  
  78  8:50  Probe  
  78  8:51  Probe  
  78  8:53  Immortal  
  86  9:08  Pylon  
  86  9:13  Stalker  
  86  9:16  Zealot  
  90  9:21  Zealot  
  90  9:22  Warp Prism  
  90  9:23  Sentry  
  94  9:33  Pylon  
  96  9:44  Probe  
  96  9:45  Probe  
  98  9:57  Probe  
  99  10:09  Gateway  
  99  10:11  Gateway  
  99  10:13  Gateway  
  99  10:20  Pylon x2  
  99  10:21  Probe  
  99  10:24  Templar Archives  
  100  10:30  Zealot x2  
  100  10:31  Zealot x2  
  108  10:48  Immortal  
  100  11:00  Zealot x2  
  100  11:01  Zealot x2  
  100  11:03  Probe  
  110  11:11  Probe  
  112  11:18  High Templar x3  
  112  11:19  Nexus  
  112  11:20  Probe  
  112  11:21  High Templar  
  112  11:22  High Templar x2  
  112  11:24  Zealot  
  127  11:26  Archon x2  
  127  11:27  Archon  
  127  11:33  Probe  
  127  11:34  Warp Prism  
  127  11:37  Probe x2  
  127  11:38  Phoenix  
  132  11:41  Probe  
  132  11:45  Assimilator  
  133  11:48  Assimilator  
  133  11:49  Probe x3  
  136  11:59  Probe  
  136  12:01  Probe  
  138  12:11  Probe  
  138  12:13  Probe  
  138  12:14  Probe  
  141  12:20  Gateway  
  141  12:23  Gateway  
  141  12:27  Gateway  
  141  12:29  Gateway  
  141  12:31  Probe  
  138  12:43  Zealot x4  
  138  12:44  Zealot x3  
  116  12:58  Immortal  
  112  13:10  Zealot x2  
  112  13:11  Zealot x4  
  112  13:12  Zealot  
  122  13:21  Probe x2  
  122  13:24  High Templar x2  
  122  13:25  High Templar x2  
  130  13:33  Probe x2  
  112  13:37  Immortal  
  112  13:38  Forge  
  112  13:40  Forge  
  114  13:41  Shield Battery  
  114  13:43  Pylon  
  114  13:44  Pylon  
  114  13:45  Probe x2  
  114  13:48  Pylon, High Templar x4  
  122  13:52  Protoss Ground Weapons Level 1  
  122  13:53  Protoss Ground Armor Level 1  
  122  13:57  Probe  
  122  13:58  Archon x2, Probe  
  122  13:59  Archon x2  
  122  14:00  Zealot x3  
  122  14:01  Zealot  
  122  14:02  Zealot x2  
  134  14:03  Zealot  
  134  14:09  Probe  
  139  14:10  Assimilator, Probe  
  139  14:12  Assimilator  
  140  14:20  Probe  
  140  14:22  Probe x2  
  143  14:32  Probe  
  143  14:33  Zealot  
  143  14:36  Immortal  
  143  14:37  Nexus  
  144  14:39  High Templar x2  
  144  14:40  Pylon  
  144  14:43  Pylon  
  144  14:44  Probe  
  149  14:46  Pylon  
  149  14:47  Archon  
  149  14:50  Pylon, Zealot x4  
  149  14:51  Zealot x5  
  171  14:56  Probe  
  172  15:03  Probe  
  172  15:04  Probe  
  174  15:09  Robotics Facility  
  174  15:13  Zealot x2  
  174  15:14  Zealot x4  
  170  15:15  Zealot  
  168  15:32  Zealot x3  
  168  15:33  Zealot  
  148  15:44  Protoss Ground Weapons Level 2  
  142  15:52  High Templar x3  
  142  15:53  High Templar x4  
  142  15:56  Probe x3  
  155  16:06  Archon x3, Protoss Ground Armor Level 2  
  155  16:07  High Templar  
  157  16:24  Gateway x2  
  157  16:25  Gateway  
  157  16:28  Gateway  
  157  16:29  Archon  
  157  16:34  Zealot x2  
  157  16:35  Zealot  
  157  16:36  Zealot x3  
  157  16:37  Zealot x3  
  163  16:46  Immortal  
  167  16:48  Immortal  
  169  17:01  High Templar x3  
  163  17:03  Zealot x4  
  163  17:04  Zealot  
  145  17:24  Archon  
  145  17:26  Zealot x2, High Templar  
  145  17:27  Zealot x5  
  145  17:28  Immortal x2  
  159  17:32  Archon  
  149  17:53  Zealot  
  149  17:54  Zealot x5  
  137  18:03  Protoss Ground Weapons Level 3  
  137  18:05  Protoss Ground Armor Level 3  
  113  18:23  Warp Prism  
  113  18:25  High Templar x3  
  121  18:27  Probe x2  
  121  18:28  Probe  
  121  18:30  Probe  
  125  18:37  Assimilator  
  125  18:38  High Templar  
  125  18:39  Probe x2  
  125  18:40  Probe  
  125  18:41  Assimilator  
  130  18:42  Probe  
  130  18:46  Archon  
  131  18:51  Archon, Probe x2  
  131  18:54  Probe, Immortal  
  131  18:55  Zealot x5  
  148  19:03  Immortal  
  148  19:06  Probe  
  153  19:25  Zealot x3  
  153  19:26  Zealot x3  
  153  19:27  Zealot x3  
  167  19:44  Zealot x3  
  167  19:45  Zealot x4  
  179  19:46  Zealot  
  150  20:04  Zealot x3  
  150  20:05  Zealot x3  
  144  20:08  Probe  
  133  20:16  Nexus  
  133  20:18  Zealot  
  133  20:19  Zealot x6  
  133  20:20  Pylon, Probe  
  128  20:22  Pylon  
  128  20:25  Pylon  
  110  20:29  High Templar  
  110  20:30  High Templar x5  
  110  20:31  High Templar  
  110  20:32  Probe, High Templar  
  117  20:37  Archon  
  117  20:38  Archon x2  
  117  20:39  Archon  
  117  20:40  Zealot x4  
  117  20:41  Probe, Zealot  
  120  20:49  Probe  
  121  20:56  Zealot x2  
  126  21:06  High Templar x4  
  126  21:07  Gateway, High Templar x2  
  126  21:08  High Templar x2  
  126  21:09  Zealot x2  
  126  21:10  Zealot  
  148  21:17  Archon  
  148  21:18  Archon x3  
  148  21:23  Zealot x4  
  148  21:45  Zealot x2  
  148  21:46  Zealot x4  
  101  22:03  Immortal  
  101  22:04  Immortal  
  69  22:11  High Templar x2  
  69  22:12  High Templar  
  70  22:31  Archon  
  70  22:32  Zealot x3  
  76  22:40  Observer  
Tags
 
Add a new tag
Caveats
  • Supply blocks, unpowered buildings, or Contaminate may cause inaccurate times.
  • Supply counts are checked every 10 seconds.